 Dungeon Crawl Stone Soup version 0.23-a0-703-gdf2d5e0dd9 (webtiles) character file.

9 Azzok the Insei (level 2, 0/21 HPs)
             Began as a Demonspawn Transmuter on Jan 13, 2019.
             Slain by a hobgoblin (2 damage)
             ... on level 1 of the Dungeon.
             The game lasted 00:00:27 (33 turns).

Azzok the Insei (Demonspawn Transmuter)               Turns: 33, Time: 00:00:27

Health: 0/21       AC:  2    Str: 10    XL:     2   Next: 6%
Magic:  0/5        EV: 12    Int: 14    God:
Gold:   0          SH:  0    Dex: 13    Spells: 4/5 levels left

rFire    . . .     SeeInvis .     - Unarmed
rCold    . . .     Gourm    .   (no shield)
rNeg     . . .     Faith    .   b - +0 robe
rPois    .         Spirit   .   (helmet restricted)
rElec    .         Reflect  .   (no cloak)
rCorr    .         Harm     .   (no gloves)
MR       .....                  (no boots)
Stlth    +.........             (no amulet)
HPRegen  0.07/turn              (no ring)
MPRegen  0.09/turn              (no ring)

@: appendage
A: antennae 1
a: End Transformation


You were on level 1 of the Dungeon.
You were not hungry.
You had grown temporary horns.
You visited 1 branch of the dungeon, and saw 1 of its levels.

Inventory:

Missiles
 a - 12 arrows
Armour
 b - a +0 robe (worn)
Comestibles
 d - a ration


   Skills:
 - Level 1.0 Fighting
 - Level 1.7 Dodging
 + Level 3.3 Unarmed Combat
 - Level 2.0 Spellcasting
 - Level 1.7 Transmutations


You had 4 spell levels left.
You knew the following spells:

 Your Spells              Type           Power        Failure   Level  Hunger
a - Beastly Appendage     Tmut           #.....       12%         1    ##.....

Your spell library contained the following spells:

 Spells                   Type           Power        Failure   Level  Hunger
 Sticks to Snakes         Tmut           #.......     17%         2    ###....
 Spider Form              Tmut/Pois      #.........   45%         3    ####...
 Ice Form                 Ice/Tmut       #.......     86%         4    #####..
 Blade Hands              Tmut           #.........   97%         5    ######.


Dungeon Overview and Level Annotations

Branches:
Dungeon (1/15)

Altars:


Innate Abilities, Weirdness & Mutations

You have a pair of small antennae on your head.


Message History

Your talons disappear.
The dart slug is too close now for your liking.
You hit the dart slug.
The dart slug is lightly wounded.
The dart slug bites you.
* * * LOW HITPOINT WARNING * * *
Casting: Beastly Appendage (safe; 12% risk of failure)
Confirm with . or Enter, or press ? or * to list all spells.
You grow a pair of large bovine horns.
Unknown command.
You hit the dart slug but do no damage. You headbutt the dart slug!
You kill the dart slug!
You have reached level 2!
You feel monstrous as your demonic heritage exerts itself.
Your demonic ancestry asserts itself...
The horns on your head shrink a bit. The horns on your head shrink away.
A pair of antennae grows on your head!
Your magical contamination has completely faded away.
You barely miss the hobgoblin. The hobgoblin hits you.
You die...

····· ··· ···$· ···
··· ···· ··· ▒···
▒·▒ ▒·(·▒ ▒·▒
h▒····▒ ▒▒·▒▒ ·▒
·······▒▒▒g▒·▒▒▒···▒
▒···g·w·▒@▒······▒
▒····▒▒▒·▒·▒▒▒···▒
▒····▒ ▒▒·▒▒ ·▒
···▒·▒ ▒·▒ ·· ▒· ▒·▒
· · ·)· ▒ ··· ·····
·····


You could see a hobgoblin.

Vanquished Creatures
  A dart slug (D:1)
  A hobgoblin (D:1)
  2 jackals (D:1)
  A kobold (D:1)
  A frilled lizard (D:1)
  A rat (D:1)
7 creatures vanquished.

Vanquished Creatures (others)
  A giant cockroach (D:1)
1 creature vanquished.

Grand Total: 8 creatures vanquished

Notes
Turn   | Place    | Note
-------+----------+-------------------------------------------
     0 | D:1      | Azzok the Demonspawn Transmuter began the quest for the
                  | Orb.
     0 | D:1      | Reached XP level 1. HP: 15/15 MP: 3/3
    17 | D:1      | Reached skill level 3 in Unarmed Combat
    32 | D:1      | Lost mutation: You have a pair of horns on your head.
                  | [demonic ancestry]
    32 | D:1      | Lost mutation: You have a pair of small horns on your head.
                  | [demonic ancestry]
    32 | D:1      | Gained mutation: You have a pair of small antennae on your
                  | head. [demonic ancestry]
    32 | D:1      | Reached XP level 2. HP: 2/21 MP: 0/5
    33 | D:1      | Slain by a hobgoblin

Vault maps used:
D:1:      roderic_crossed_star, nrook_uturn, lemuel_flame_loot_1

Skill      XL: |  1 |
---------------+----+-----
Unarmed Combat | 3 |  3.3
Fighting       | |  1.0
Dodging        | |  1.7
Spellcasting   | |  2.0
Transmutations | |  1.7

Action                   || total
-------------------------++-------
Melee: Unarmed           ||    16
       Kick              ||     4
       Headbutt          ||     1
 Cast: Beastly Appendage ||     3
Armor: Robe              ||     2
Dodge: Dodged            ||     4

Table legend:
 A = Non-vault XP
 B = Vault XP
 C = Vault XP percentage of total XP
 D = Non-vault monster count
 E = Vault monster count
 F = Vault count percentage of total count
                 A         B        C        D         E       F
            +---------+---------+-------+---------+---------+-------
      Total |      14 |       0 |   0.0 |       7 |       0 |   0.0
            +---------+---------+-------+---------+---------+-------
        D:1 |      14 |       0 |   0.0 |       7 |       0 |   0.0
            +---------+---------+-------+---------+---------+-------
